 Dungeon Crawl Stone Soup version 0.16.1-11-g651b585 (webtiles) character file.

465 Ryushun the Covered (level 6, -6/53 HPs)
             Began as a Minotaur Fighter on Mar 30, 2015.
             Mangled by Edmund
             ... wielding a +4 flail of holy wrath
              (9 damage)
             ... on level 4 of the Dungeon.
             The game lasted 00:24:19 (2992 turns).

Ryushun the Covered (Minotaur Fighter)              Turns: 2992, Time: 00:24:20

Health: -6/53      AC:  8    Str: 20    XL:     6   Next: 80%
Magic:  3/3        EV: 10    Int:  7    God:
Gold:   192        SH: 12    Dex: 10    Spells: 0 memorised, 5 levels left

rFire  + . .     SeeInvis .     (no weapon)
rCold  x . .     Clarity  .     b - +0 scale mail
rNeg   + . .     SustAb   .     c - +2 shield
rPois  .         Gourm    .     (helmet restricted)
rElec  .         Spirit   .     y - +0 cloak
rCorr  .         Warding  +     (no gloves)
rMut   .         Stasis   .     (no boots)
MR     .....                    n - amulet of warding
Stlth  ..........               o - ring of fire
                                i - +1 ring of evasion

@: not resistant to hostile enchantments, extremely unstealthy
A: retaliatory headbutt, horns 2
a: no special abilities


You were on level 4 of the Dungeon.
You were not hungry.

You visited 1 branch of the dungeon, and saw 4 of its levels.

You collected 192 gold pieces.

Inventory:

Hand weapons
 s - a +2 scythe of freezing
 v - a +0 trident
 w - a +2 vampiric rapier
Missiles
 k - 20 stones (quivered)
Armour
 b - a +0 scale mail (worn)
 c - a +2 shield (worn)
 h - a cursed +0 ring mail
 y - a +0 cloak (worn)
Jewellery
 i - a +1 ring of evasion (left hand)
 n - an amulet of warding (around neck)
 o - a ring of fire (right hand)
Magical devices
 A - a wand of digging (14)
 C - a wand of random effects (15)
Scrolls
 a - a scroll of fear {unknown}
 l - 3 scrolls of remove curse
 r - 2 scrolls of teleportation
 B - a scroll of recharging {unknown}
 E - a scroll of blinking {unknown}
 G - a scroll of enchant weapon {unknown}
Potions
 e - 3 potions of might
 f - 2 potions of brilliance
 g - a potion of cure mutation {unknown}
 j - a potion of invisibility {unknown}
 q - a potion of restore abilities {unknown}
 u - a potion of flight {unknown}
 x - a potion of poison {unknown}
 D - a potion of heal wounds {unknown}
Comestibles
 d - 3 bread rations
 z - 3 slices of pizza


   Skills:
 + Level 4.6 Fighting
   Level 4.8 Axes
 + Level 5.3 Armour
 + Level 3.2 Dodging
 + Level 0.3 Stealth
 + Level 5.2 Shields


You had 5 spell levels left.
You didn't know any spells.

Dungeon Overview and Level Annotations

Branches:
Dungeon (4/15)             Temple (0/1) D:4

Altars:

Annotations:
D:4 Edmund


Innate Abilities, Weirdness & Mutations

You reflexively headbutt those who attack you in melee.
You have a pair of horns on your head.


Message History

Edmund hits you with a flail of holy wrath!
* * * LOW HITPOINT WARNING * * *
You hit Edmund but do no damage. You headbutt Edmund.
Edmund is almost dead.
You closely miss Edmund.
Edmund is almost dead.
You block Edmund's attack.
You hit Edmund but do no damage. You headbutt Edmund.
Edmund is almost dead.
Edmund hits you but does no damage.
Your shield and scale mail prevent you from hitting Edmund.
Edmund is almost dead.
Edmund closely misses you.
You barely miss Edmund. You headbutt Edmund.
Edmund is almost dead.
You block Edmund's attack.
You hit Edmund.
Edmund is almost dead.
Edmund hits you with a flail of holy wrath!
You die...

########
#......#########
#.####.##....... #.#
#.##.######
###.####.##.###...
#...............#.
#.#.#.##.....###..
###.###.#.#.##..#.#.###.
#.....@@#....[..#.......
#.#####.###.......##.###
#.# ####..#.##.# #
#.#######.#.#.####
#............# ##.
#.#########.####.. ..#
##.##.###.<.
#######...#.##....
..............'....


You could see Edmund.

Vanquished Creatures
  Eustachio (D:4)
  Sigmund (D:2)
  A centaur skeleton (D:4)
  An orc priest (D:4)
  A worker ant (D:4)
  A hound skeleton (D:4)
  Robin (D:4)
  A river rat (D:4)
  3 adders
  3 gnolls (D:2)
  4 worms
  A giant mite (D:2)
  A giant gecko (D:3)
  3 oozes
  3 orcs
  4 giant cockroaches
  9 goblins
  11 hobgoblins
  6 jackals
  A ball python (D:1)
  9 bats
  3 giant newts
  3 kobolds
  2 quokkas
  8 rats
82 creatures vanquished.

Notes
Turn   | Place    | Note
--------------------------------------------------------------
     0 | D:1      | Ryushun, the Minotaur Fighter, began the quest for the Orb.
     0 | D:1      | Reached XP level 1. HP: 19/19 MP: 1/1
   103 | D:1      | Reached XP level 2. HP: 21/27 MP: 1/1
   155 | D:1      | Reached skill level 4 in Shields
   781 | D:2      | Reached XP level 3. HP: 31/33 MP: 2/2
   816 | D:2      | Reached skill level 1 in Dodging
  1119 | D:2      | Noticed Sigmund
  1124 | D:2      | Reached XP level 4. HP: 16/40 MP: 2/2
  1142 | D:2      | Killed Sigmund
  1142 | D:2      | Reached XP level 5. HP: 16/46 MP: 2/2
  2353 | D:4      | Noticed Robin
  2363 | D:4      | Killed Robin
  2475 | D:4      | Found a staircase to the Ecumenical Temple.
  2485 | D:4      | Reached XP level 6. HP: 53/53 MP: 3/3
  2581 | D:4      | Noticed Eustachio
  2610 | D:4      | Killed Eustachio
  2610 | D:4      | Reached skill level 5 in Armour
  2610 | D:4      | Reached skill level 5 in Shields
  2894 | D:4      | Noticed Edmund
  2986 | D:4      | HP: 1/53 [Edmund/flail of holy wrath (9)]
  2992 | D:4      | Mangled by Edmund

Action                   |  1- 3 |  4- 6 || total
-------------------------+-------+-------++-------
Melee: War axe           |    92 |   108 ||   200
       Unarmed           |       |   112 ||   112
  Use: Scroll            |       |     6 ||     6
  Eat: Chunk             |       |     4 ||     4
       Meat ration       |       |     1 ||     1
